 Dungeon Crawl Stone Soup version 0.30.0-20-g3615ddf2f0 (webtiles) character file.

Game seed: 12109833408715805906

153264 qw the Severer (level 17, -5/108 HPs)
             Began as a Gargoyle Fighter on May 31, 2023.
             Was a High Priest of Okawaru.
             Killed from afar by a shock serpent (9 damage)
             ... with a bolt of electricity
             ... on level 3 of the Snake Pit.
             The game lasted 00:16:07 (24344 turns).

qw the Severer (Gargoyle Fighter)                  Turns: 24344, Time: 00:16:07

Health: -5/108     AC: 49    Str: 26    XL:     17   Next: 60%
Magic:  22/22      EV: 18    Int: 11    God:    Okawaru [*****.]
Gold:   122        SH: 26    Dex: 11    Spells: 16/16 levels left

rFire   . . .        v - +2 broad axe "Lacir" {heavy, Dex+2}
rCold   . . .        E - +0 tower shield
rNeg    + + .        x - +6 pearl dragon scales
rPois   inf          l - +2 hat
rElec   +            k - +0 cloak
rCorr   .            w - +0 pair of gloves
SInv    .            j - +2 pair of boots
Will    +....        F - amulet of reflection
Stlth   +            Y - +4 ring of protection
HPRegen 1.18/turn    a - +5 ring of evasion
MPRegen 0.18/turn

%: reflection
@: heroic, flying
A: sickness immunity, AC +12, big wings, negative energy resistance 1,
electricity resistance, torment resistance 1, petrification resistance, low MP
1, regeneration 1, wild magic 1
a: Renounce Religion, Heroism, Finesse, Duel


You were on level 3 of the Snake Pit.
You worshipped Okawaru.
Okawaru was extremely pleased with you.
You visited 5 branches of the dungeon, and saw 26 of its levels.
You visited the Abyss 1 time.
You also visited: Sewer.

You collected 2164 gold pieces.
You spent 2042 gold pieces at shops.


Innate Abilities, Weirdness & Mutations

You are immune to sickness and miasma.
Your stone body is resilient. (AC +12)
You are immune to poison.
Your large and strong wings let you fly.
You resist negative energy. (rN+)
You are resistant to electric shocks. (rElec)
You are resistant to unholy torment.
You are immune to petrification.
Your magical capacity is low. (-10% MP)
Your natural rate of healing is unusually fast.
Your spells are a little harder to cast, but a little more powerful.


   Skills:
 - Level 13.0(18.0) Fighting
 - Level 18.0(23.0) Axes
 - Level 5.0(10.0) Throwing
 + Level 11.8(16.8) Armour
 - Level 4.0(9.0) Dodging
 - Level 17.4(22.4) Shields
 - Level 10.1 Invocations


You had 16 spell levels left.
You didn't know any spells.
Your spell library was empty.

Inventory:

Hand Weapons
 s - a +5 eveningstar of draining
 v - the +2 broad axe "Lacir" (weapon) {heavy, Dex+2}
   (Okawaru gifted it to you on level 5 of the Lair of Beasts)

   Dex:       It affects your dexterity (+2).
Missiles
 n - 19 boomerangs (quivered)
Armour
 i - a +3 plate armour of fire resistance
 j - a +2 pair of boots (worn)
 k - a +0 cloak (worn)
 l - a +2 hat (worn)
 w - a +0 pair of gloves (worn)
 x - +6 pearl dragon scales (worn)
 D - +0 acid dragon scales
 E - a +0 tower shield (worn)
Jewellery
 a - a +5 ring of evasion (right hand)
 c - a ring of resist corrosion
 g - a ring of protection from cold
 F - an amulet of reflection (around neck)
 Y - a +4 ring of protection (left hand)
Wands
 o - a wand of digging (13)
Scrolls
 p - 11 scrolls of identify
 u - 7 scrolls of teleportation
 B - 2 scrolls of enchant weapon
Potions
 b - 4 potions of haste
 d - 6 potions of might
 e - 9 potions of mutation
 f - 5 potions of cancellation
 h - 7 potions of magic
 m - 11 potions of curing
 q - 3 potions of lignification
 r - a potion of attraction {unknown}

Dungeon Overview and Level Annotations

Branches:
Dungeon (15/15)            Temple (1/1) D:4            Lair (5/5) D:9
  Swamp (0/4) Lair:2        Snake (3/4) Lair:2        Slime (0/5) Lair:4
    Orc (2/2) D:9             Elf (0/3) Orc:2        Vaults (0/5) D:14
 Depths (0/4) D:15          Sewer (visited)

Altars:
Ashenzari
Cheibriados
Dithmenos
Elyvilon
Fedhas
Gozag
Hepliaklqana
Kikubaaqudgha
Makhleb
Nemelex Xobeh
Okawaru
Qazlal
Ru
Sif Muna
Trog
Uskayaw
Vehumet
Wu Jian
Xom
Yredelemnul
Zin
The Shining One
Jiyva

Shops:
D:2 =:[=   D:3 *   D:6 :   Orc:2 :?[(=   Snake:2 ?

Annotations:
D:14 2 transporters, qw's ghost, journeyman GrFi
Lair:4 1 runed translucent door
Snake:1 2 transporters, Mlioglotl


Message History

You block the shock serpent's attack. You block the naga's attack.
The naga completely misses you.
The salamander hits you from afar with a +0 halberd.
You are engulfed in flames!
The naga spits poison at you.
You block splash of poison... and reflect it back!
The splash of poison hits the naga.
The naga warrior hits you but does no damage.
The salamander hits you but does no damage.
You chop the naga into pieces!!!
You kill the naga!
Okawaru accepts your kill.
You slice the shock serpent like a ripe choko!!!
The shock serpent's electric aura discharges, shocking you!
You resist. You block the shock serpent's attack.
You block the salamander's attack. The naga hits you but does no damage.
The naga warrior spits poison at you.
The splash of poison hits you but does no damage.
You resist. The shock serpent misses you. You block the salamander's attack.
You closely miss the shock serpent.
The shock serpent is severely wounded.
You block the shock serpent's attack.
The salamander hits you but does no damage.
You block the naga's attack. The naga warrior spits poison at you.
The splash of poison hits you but does no damage.
You resist. You block the salamander's attack. The shock serpent bites you!
The shock serpent shocks you. You resist.
You slice the shock serpent!!
The shock serpent is almost dead.
The shock serpent's electric aura discharges, shocking you!
You resist.
The naga no longer looks unusually strong.
The salamander hits you from afar with a +0 halberd!
You are engulfed in flames!
You block the naga's attack.
The naga warrior roars a battlecry!
The nagas go into a battle-frenzy!
The shock serpent shoots out a bolt of lightning at you!
The bolt of electricity hits you! You resist.
You die...

#.. ##.###+#+#
##......... #..........
# #..........
.#.##....N..#
.....N)S.N.# .....
#..@.N# ...... ##)..##
#......
!#####...#####........
##.
.|......!...#...).....
...
............#.........
##.
............#...........
...
........................
###
###########.............
#.#..........#


You could see a naga warrior (strong), 2 salamanders, a shock serpent and a naga
(strong).

Vanquished Creatures
  2 tentacled starspawn (Abyss:2)
  Gastronok (D:9)
  Donald (Snake:2)
  A balrug (Abyss:2)
  Louise (Snake:2)
  A quicksilver ooze (Lair:5)
  A very ugly thing (Abyss:2)
  Nessos (D:13)
  A blizzard demon (Abyss:2)
  A fire dragon (D:14)
  An entropy weaver (shapeshifter) (D:14)
  A great orb of eyes (Abyss:2)
  A vault guard (D:14)
  4 hydras
  An ogre mage (D:15)
  6 anacondas
  4 catoblepae
  5 centaur warriors
  7 two-headed ogres
  7 death yaks (Lair:5)
  A tengu warrior (D:8)
  10 naga warriors
  10 naga sharpshooters
  5 shock serpents
  3 sun demons (Abyss:2)
  A wretched star (Abyss:2)
  6 naga ritualists
  2 wizards (D:15)
  5 starcursed masses (Abyss:2)
  5 mana vipers
  4 deep elf pyromancers
  7 orc knights
  9 ugly things
  A deep elf zephyrmancer (D:15)
  A necromancer (D:15)
  3 orc sorcerers
  7 salamanders
  4 manticores
  3 cyclopes
  A wolf spider zombie (D:15)
  6 naga magi
  2 guardian serpents (Snake:3)
  28 elephants
  49 black mambas
  2 apocalypse crabs (Abyss:2)
  13 cane toads
  2 smoke demons (Abyss:2)
  2 centaur skeletons (D:15)
  2 efreet
  A kobold demonologist (Abyss:2)
  A freezing wraith (D:15)
  7 komodo dragons
  A tormentor (Abyss:2)
  A tengu conjurer (D:13)
  3 rime drakes
  3 ancient zymes (Abyss:2)
  3 polar bears
  3 trolls
  6 meliai
  4 raiju (Abyss:2)
  12 dream sheep
  17 blink frogs
  18 slime creatures
  A centaur simulacrum (D:15)
  4 large abominations (Abyss:2)
  57 yaks
  8 wyverns
  A yak (shapeshifter) (D:13)
  A ynoxinul (Abyss:2)
  2 fire bats (Abyss:2)
  4 basilisks
  2 fire elementals
  11 humans (D:14)
  3 steam dragons
  7 vampire mosquitoes
  A chaos spawn (Abyss:2)
  8 wargs
  21 water moccasins
  Edmund (D:5)
  31 nagas
  An acid dragon (D:11)
  Duvessa (D:7)
  38 orc warriors
  2 ice beasts
  3 black bears
  2 sky beasts
  6 ogres
  12 wolves
  6 centaurs
  2 small abominations (Abyss:2)
  14 kobold brigands
  28 bullfrogs
  A gnoll sergeant (D:8)
  4 scorpions (D:5)
  9 wights
  Dowan (D:7)
  10 killer bees
  4 howler monkeys
  6 jellies
  A quasit (Abyss:2)
  A gnoll bouda (D:8)
  13 orc priests
  2 hounds
  5 iguanas
  An iron imp (Abyss:2)
  Natasha (thrice) (D:3)
  3 sleepcaps
  18 orc wizards
  7 gnolls
  11 adders
  2 river rats
  A shadow imp (Abyss:2)
  2 ufetubi (Abyss:2)
  5 worms
  3 dart slugs
  86 orcs
  15 endoplasms
  6 giant cockroaches
  5 goblins
  10 hobgoblins
  5 jackals
  30 kobolds
  3 quokkas
  10 ball pythons
  4 bats
  2 frilled lizards (D:1)
  10 rats
  4 starspawn tentacles (Abyss:2)
903 creatures vanquished.

Vanquished Creatures (others)
  An orc priest (Orc:1)
  4 starspawn tentacles (Abyss:2)
5 creatures vanquished.

Grand Total: 908 creatures vanquished

Notes
Turn   | Place    | Note
-------+----------+-------------------------------------------
     0 | D:1      | qw the Gargoyle Fighter began the quest for the Orb.
     0 | D:1      | Reached XP level 1. HP: 14/14 MP: 1/1
     0 | D:1      | 0 ||| qw: Version: 0.2-a-102-gfc559e5
     0 | D:1      | 0 ||| qw: Game counter: 515
     0 | D:1      | 0 ||| qw: Always use a shield: true
     0 | D:1      | 0 ||| qw: God list: Okawaru
     0 | D:1      | 0 ||| qw: Allow faded altars: false
     0 | D:1      | 0 ||| qw: Do Orc after D:15 true
     0 | D:1      | 0 ||| qw: Do second Lair branch before Depths: true
     0 | D:1      | 0 ||| qw: Lair rune preference: random
     0 | D:1      | 0 ||| qw: Plans: Normal, Zot:1-4, Slime:5, God:TSO, Crypt,
                  | Tomb, Pan, Hells, Abyss, Win
     0 | D:1      | 0 ||| PLANNING D:1-11
    38 | D:1      | Reached skill level 2 in Axes
    48 | D:1      | 48 ||| Stepping ~*~*~tactically~*~*~ (hiding).
    49 | D:1      | 49 ||| Stepping ~*~*~tactically~*~*~ (hiding).
    81 | D:1      | Reached XP level 2. HP: 19/19 MP: 2/2
   264 | D:1      | Reached skill level 3 in Axes
   301 | D:1      | Reached XP level 3. HP: 23/23 MP: 3/3
   708 | D:1      | 708 ||| READING scroll labelled POSHRE JUCEEKKIRO.
   709 | D:1      | 709 ||| READING scroll labelled HULORRAMEM.
   764 | D:2      | Found Fyic's Jewellery Shop.
   859 | D:2      | Found Cihushrof's Book Shop.
   908 | D:2      | Found Mitwuveg's Jewellery Emporium.
   914 | D:2      | 914 ||| SHOPLISTING +4 ring of protection (432 gold, have
                  | 47).
   914 | D:2      | 914 ||| SHOPLISTING +5 ring of evasion (432 gold, have 47).
   914 | D:2      | 914 ||| SHOPLISTING amulet of Ysoss {Faith rElec rPois
                  | Will+} (765 gold, have 47).
   914 | D:2      | 914 ||| SHOPLISTING amulet of guardian spirit (360 gold,
                  | have 47).
   914 | D:2      | 914 ||| SHOPLISTING amulet of the acrobat (360 gold, have
                  | 47).
   914 | D:2      | 914 ||| SHOPLISTING ring "Hisiluirph" {rPois rC- rN+
                  | Stlth+} (324 gold, have 47).
   914 | D:2      | 914 ||| SHOPLISTING ring of protection from cold (300 gold,
                  | have 47).
   914 | D:2      | 914 ||| SHOPLISTING ring of see invisible (180 gold, have
                  | 47).
   941 | D:2      | 941 ||| Stepping ~*~*~tactically~*~*~ (stealth).
   985 | D:2      | Reached XP level 4. HP: 20/28 MP: 4/4
  1032 | D:2      | Found Emuhaluw's Armour Shoppe.
  1074 | D:2      | 1074 ||| SHOPLISTING +0 plate armour (276 gold, have 52).
  1074 | D:2      | 1074 ||| SHOPLISTING +2 helmet of intelligence (258 gold,
                  | have 52).
  1150 | D:2      | Reached skill level 4 in Axes
  1249 | D:2      | 1249 ||| SHOPLISTING ring of Gaocax {*Slow rElec rN+ MP+9
                  | Slay+2} (451 gold, have 71).
  1249 | D:2      | 1249 ||| SHOPLISTING ring of protection from fire (275
                  | gold, have 71).
  1249 | D:2      | 1249 ||| SHOPLISTING ring of resist corrosion (220 gold,
                  | have 71).
  1249 | D:2      | 1249 ||| SHOPLISTING ring of see invisible (165 gold, have
                  | 71).
  1249 | D:2      | 1249 ||| SHOPLISTING ring of willpower (275 gold, have 71).
  1374 | D:2      | 1374 ||| Stepping ~*~*~tactically~*~*~ (stealth).
  1477 | D:2      | 1477 ||| UPGRADING to +0 chain mail.
  1487 | D:2      | 1487 ||| DROPPING +0 scale mail.
  1488 | D:2      | 1488 ||| UPGRADING to +0 cloak.
  1493 | D:2      | 1493 ||| UPGRADING to +1 hat.
  1498 | D:2      | 1498 ||| READING scroll labelled CULLEUVVYLL.
  1519 | D:3      | Noticed Natasha
  1524 | D:3      | Killed Natasha
  1580 | D:3      | Found a stormy altar of Qazlal.
  1583 | D:3      | Found a blossoming altar of Fedhas.
  1583 | D:3      | Noticed Natasha
  1584 | D:3      | 1584 ||| Stepping ~*~*~tactically~*~*~ (hiding).
  1591 | D:3      | Killed Natasha
  1592 | D:3      | Reached XP level 5. HP: 32/32 MP: 5/5
  1674 | D:3      | Noticed Natasha
  1675 | D:3      | 1675 ||| Stepping ~*~*~tactically~*~*~ (stealth).
  1701 | D:3      | Found a sacrificial altar of Ru.
  1711 | D:3      | 1711 ||| Stepping ~*~*~tactically~*~*~ (stealth).
  1739 | D:3      | 1739 ||| DROPPING +0 club.
  1745 | D:3      | 1745 ||| Stepping ~*~*~tactically~*~*~ (stealth).
  1746 | D:3      | 1746 ||| Stepping ~*~*~tactically~*~*~ (stealth).
  1748 | D:3      | 1748 ||| Stepping ~*~*~tactically~*~*~ (stealth).
  1793 | D:3      | Found Enengago's Assorted Antiques.
  1797 | D:3      | 1797 ||| BUYING glass wand (80 gold).
  1797 | D:3      | Bought a glass wand for 80 gold pieces
  1797 | D:3      | 1797 ||| BUYING scroll labelled NEL GACKICOSOCRI (20 gold).
  1797 | D:3      | Bought a scroll labelled NEL GACKICOSOCRI for 20 gold
                  | pieces
  1797 | D:3      | 1797 ||| SHOPLISTING scroll labelled WUGRAT MEWE (20 gold,
                  | have 17).
  1862 | D:3      | 1862 ||| DROPPING +0 whip.
  1907 | D:3      | Reached skill level 5 in Axes
  2382 | D:3      | Killed Natasha
  2481 | D:3      | 2481 ||| READING scroll labelled ZOL CUTUILAXAU.
  2482 | D:3      | 2482 ||| READING scroll labelled NEL GACKICOSOCRI.
  2485 | D:3      | 2485 ||| DRINKING 2 fizzy red potions.
  2485 | D:3      | Gained mutation: Your magical capacity is low. (-10% MP)
                  | [potion of mutation]
  2485 | D:3      | Gained mutation: Your natural rate of healing is unusually
                  | fast. [potion of mutation]
  2485 | D:3      | Gained mutation: Your spells are a little harder to cast,
                  | but a little more powerful. [potion of mutation]
  2486 | D:3      | 2486 ||| READING 2 scrolls of identify.
  2486 | D:3      | 2486 ||| IDENTIFYING smoky yellow potion
  2487 | D:3      | 2487 ||| DROPPING wand of polymorph (6).
  2500 | D:4      | 2500 ||| PLANNING SEWER
  2527 | D:4      | 2527 ||| Stepping ~*~*~tactically~*~*~ (hiding).
  2634 | D:4      | Found a glowing drain.
  2658 | D:4      | Reached XP level 6. HP: 38/38 MP: 5/5
  2659 | Sewer    | Entered a sewer
  2834 | Sewer    | 2834 ||| Stepping ~*~*~tactically~*~*~ (water).
  2949 | Sewer    | Reached skill level 6 in Axes
  2950 | Sewer    | Reached XP level 7. HP: 43/43 MP: 6/6
  3012 | Sewer    | Reached skill level 1 in Dodging
  3050 | Sewer    | 3050 ||| Stepping ~*~*~tactically~*~*~ (water).
  3071 | Sewer    | 3071 ||| Stepping ~*~*~tactically~*~*~ (hiding).
  3093 | Sewer    | Reached skill level 7 in Axes
  3145 | Sewer    | 3145 ||| DROPPING +0 flail.
  3158 | Sewer    | 3158 ||| Stepping ~*~*~tactically~*~*~ (water).
  3254 | D:4      | 3254 ||| PLANNING D:1-11
  3318 | D:4      | Found a staircase to the Ecumenical Temple.
  3319 | D:4      | 3319 ||| PLANNING TEMPLE
  3325 | Temple   | Entered the Ecumenical Temple
  3326 | Temple   | 3326 ||| PLANNING OKAWARU WORSHIP
  3345 | Temple   | Became a worshipper of Warmaster Okawaru
  3345 | Temple   | 3345 ||| PLANNING D:1-11
  3397 | D:4      | 3397 ||| Stepping ~*~*~tactically~*~*~ (hiding).
  3398 | D:4      | 3398 ||| Stepping ~*~*~tactically~*~*~ (hiding).
  3399 | D:4      | 3399 ||| Stepping ~*~*~tactically~*~*~ (stealth).
  3410 | D:4      | 3410 ||| Stepping ~*~*~tactically~*~*~ (stealth).
  3517 | D:4      | 3517 ||| Stepping ~*~*~tactically~*~*~ (stealth).
  3543 | D:4      | 3543 ||| Stepping ~*~*~tactically~*~*~ (stealth).
  3551 | D:4      | 3551 ||| Stepping ~*~*~tactically~*~*~ (stealth).
  3581 | D:4      | HP: 9/44 [orc priest/divine providence (16)]
  3585 | D:4      | Reached XP level 8. HP: 14/49 MP: 7/7
  3586 | D:4      | HP: 9/49 [orc priest/+0 whip (1)]
  3773 | D:4      | Found a radiant altar of Vehumet.
  3777 | D:4      | Found a hide-covered altar of Uskayaw.
  3781 | D:4      | Found a bloodstained altar of Trog.
  3873 | D:4      | Found a burning altar of Makhleb.
  3879 | D:4      | 3879 ||| READING scroll of enchant armour.
  3879 | D:4      | 3879 ||| ENCHANTING +1 hat.
  4064 | D:4      | 4064 ||| UPGRADING to +0 plate armour.
  4074 | D:4      | 4074 ||| DROPPING +0 chain mail.
  4075 | D:4      | 4075 ||| DRINKING 3 fizzy silvery potions.
  4076 | D:4      | 4076 ||| DRINKING 5 grey potions.
  4077 | D:4      | 4077 ||| DRINKING 2 lumpy grey potions.
  4147 | D:5      | Entered Level 5 of the Dungeon
  4256 | D:5      | Reached * piety under Okawaru
  4268 | D:5      | Reached skill level 1 in Invocations
  4280 | D:5      | 4280 ||| DROPPING +1 vampiric whip.
  4410 | D:5      | Noticed Edmund
  4416 | D:5      | 4416 ||| INVOKING Heroism.
  4430 | D:5      | 4430 ||| INVOKING Heroism.
  4438 | D:5      | Killed Edmund
  4738 | D:5      | 4738 ||| INVOKING Heroism.
  4751 | D:5      | Reached skill level 8 in Axes
  4781 | D:5      | Identified the +2 rapier of Contradiction {spect, Will+++}
  4794 | D:5      | Reached skill level 6 in Fighting
  4794 | D:5      | Reached skill level 3 in Invocations
  4794 | D:5      | Reached XP level 9. HP: 55/55 MP: 10/10
  4984 | D:5      | 4984 ||| UPGRADING to +2 pair of boots.
  4989 | D:5      | 4989 ||| UPGRADING to +0 pair of gloves.
  4994 | D:5      | 4994 ||| UPGRADING to ring of protection from cold.
  4995 | D:5      | 4995 ||| READING scroll labelled ZIXZANN AWNET.
  4996 | D:5      | 4996 ||| READING scroll labelled POLUTH LASCH.
  5006 | D:5      | 5006 ||| READING scroll labelled QOEGIKU HYHEIJ.
  5007 | D:5      | 5007 ||| READING scroll labelled XIL QIXEPP.
  5008 | D:5      | 5008 ||| READING scroll labelled NUMUNU PI SEUSCH.
  5008 | D:5      | Identified a scroll of acquirement
  5008 | D:5      | 5008 ||| ACQUIRING +2 war axe of flaming
  5008 | D:5      | Acquired a +2 war axe of flaming
  5010 | D:5      | 5010 ||| SWAPPING to +2 war axe of flaming.
  5011 | D:5      | 5011 ||| DROPPING +4 morningstar.
  5012 | D:5      | 5012 ||| DROPPING +0 war axe.
  5013 | D:5      | 5013 ||| READING scroll labelled XEENUI TEEWKIO.
  5014 | D:5      | 5014 ||| DRINKING 2 pink potions.
  5015 | D:5      | 5015 ||| READING 2 scrolls of identify.
  5015 | D:5      | 5015 ||| IDENTIFYING brown potion
  5016 | D:5      | 5016 ||| DROPPING potion of invisibility.
  5045 | D:6      | 5045 ||| INVOKING Heroism.
  5182 | D:6      | 5182 ||| Stepping ~*~*~tactically~*~*~ (hiding).
  5189 | D:6      | Reached skill level 6 in Armour
  5219 | D:6      | Found a broken altar of Ashenzari.
  5587 | D:6      | Found Pentamim's Vocational Training.
  5628 | D:6      | 5628 ||| Stepping ~*~*~tactically~*~*~ (stealth).
  5632 | D:6      | 5632 ||| Stepping ~*~*~tactically~*~*~ (stealth).
  5634 | D:6      | 5634 ||| Stepping ~*~*~tactically~*~*~ (stealth).
  5635 | D:6      | 5635 ||| Stepping ~*~*~tactically~*~*~ (stealth).
  5636 | D:6      | 5636 ||| Stepping ~*~*~tactically~*~*~ (stealth).
  5637 | D:6      | 5637 ||| Stepping ~*~*~tactically~*~*~ (stealth).
  5638 | D:6      | 5638 ||| Stepping ~*~*~tactically~*~*~ (stealth).
  5639 | D:6      | 5639 ||| Stepping ~*~*~tactically~*~*~ (stealth).
  5649 | D:6      | 5649 ||| Stepping ~*~*~tactically~*~*~ (stealth).
  5652 | D:6      | 5652 ||| Stepping ~*~*~tactically~*~*~ (stealth).
  5907 | D:7      | Noticed Duvessa
  5907 | D:7      | Noticed Dowan
  5908 | D:7      | 5908 ||| INVOKING Heroism.
  5914 | D:7      | Reached skill level 9 in Axes
  5918 | D:7      | Killed Duvessa
  5919 | D:7      | Killed Dowan
  5919 | D:7      | Reached ** piety under Okawaru
  5939 | D:7      | 5939 ||| INVOKING Heroism.
  5986 | D:7      | 5986 ||| Stepping ~*~*~tactically~*~*~ (hiding).
  5989 | D:7      | 5989 ||| INVOKING Heroism.
  6235 | D:7      | 6235 ||| INVOKING Heroism.
  6286 | D:7      | Found a white marble altar of Elyvilon.
  6372 | D:7      | Found a basalt altar of Yredelemnul.
  6503 | D:7      | Reached XP level 10. HP: 58/63 MP: 11/11
  6728 | D:7      | 6728 ||| UPGRADING to amulet of the acrobat.
  6733 | D:7      | 6733 ||| UPGRADING to ring of resist corrosion.
  6734 | D:7      | 6734 ||| READING scroll labelled YNTAPNEIFO.
  6735 | D:7      | 6735 ||| READING scroll labelled NILOW OWNUTE.
  6778 | D:8      | 6778 ||| Stepping ~*~*~tactically~*~*~ (hiding).
  6779 | D:8      | 6779 ||| Stepping ~*~*~tactically~*~*~ (hiding).
  6780 | D:8      | 6780 ||| Stepping ~*~*~tactically~*~*~ (hiding).
  6781 | D:8      | 6781 ||| Stepping ~*~*~tactically~*~*~ (hiding).
  6799 | D:8      | 6799 ||| FLEEEEING.
  6801 | D:8      | 6801 ||| STAIRDANCE
  6851 | D:8      | Noticed a deep elf pyromancer
  6857 | D:8      | Killed a deep elf pyromancer
  6858 | D:8      | Reached skill level 10 in Axes
  6858 | D:8      | 6858 ||| FLEEEEING.
  6859 | D:8      | 6859 ||| Stepping ~*~*~tactically~*~*~ (hiding).
  6860 | D:8      | 6860 ||| Stepping ~*~*~tactically~*~*~ (hiding).
  6861 | D:8      | 6861 ||| Stepping ~*~*~tactically~*~*~ (hiding).
  6862 | D:8      | 6862 ||| Stepping ~*~*~tactically~*~*~ (hiding).
  6875 | D:8      | 6875 ||| Stepping ~*~*~tactically~*~*~ (hiding).
  6877 | D:8      | 6877 ||| Stepping ~*~*~tactically~*~*~ (stealth).
  6880 | D:8      | Noticed a centaur warrior
  6887 | D:8      | 6887 ||| INVOKING Heroism.
  6905 | D:8      | Killed a centaur warrior
  6907 | D:8      | 6907 ||| INVOKING Heroism.
  6908 | D:8      | HP: 14/63 [orc warrior/+0 trident (4)]
  6909 | D:8      | 6909 ||| READING scroll of teleportation.
  6932 | D:8      | 6932 ||| INVOKING Heroism.
  6960 | D:8      | 6960 ||| INVOKING Heroism.
  6995 | D:8      | Noticed a tengu warrior
  7013 | D:8      | 7013 ||| INVOKING Heroism.
  7025 | D:8      | Killed a tengu warrior
  7028 | D:8      | Noticed a two-headed ogre
  7028 | D:8      | Noticed a deep elf pyromancer
  7033 | D:8      | Noticed a manticore
  7036 | D:8      | Killed a deep elf pyromancer
  7038 | D:8      | 7038 ||| INVOKING Heroism.
  7041 | D:8      | Killed a two-headed ogre
  7041 | D:8      | Reached *** piety under Okawaru
  7049 | D:8      | Killed a manticore
  7050 | D:8      | Reached XP level 11. HP: 53/69 MP: 10/12
  7053 | D:8      | Reached skill level 11 in Axes
  7080 | D:8      | 7080 ||| Stepping ~*~*~tactically~*~*~ (stealth).
  7081 | D:8      | 7081 ||| Stepping ~*~*~tactically~*~*~ (stealth).
  7103 | D:8      | 7103 ||| Stepping ~*~*~tactically~*~*~ (hiding).
  7104 | D:8      | 7104 ||| Stepping ~*~*~tactically~*~*~ (hiding).
  7109 | D:8      | 7109 ||| INVOKING Heroism.
  7113 | D:8      | 7113 ||| Stepping ~*~*~tactically~*~*~ (cloud).
  7114 | D:8      | Identified the staff of fire "Ifferch" {rF+ rCorr}
  7115 | D:8      | 7115 ||| Stepping ~*~*~tactically~*~*~ (hiding).
  7124 | D:8      | Identified the +0 chain mail "Fuicul" {rC++ Str-3 Dex+4}
  7194 | D:8      | 7194 ||| Stepping ~*~*~tactically~*~*~ (stealth).
  7196 | D:8      | 7196 ||| Stepping ~*~*~tactically~*~*~ (hiding).
  7208 | D:8      | 7208 ||| INVOKING Heroism.
  7211 | D:8      | Reached skill level 3 in Throwing
  7215 | D:8      | 7215 ||| FLEEEEING.
  7242 | D:8      | 7242 ||| Stepping ~*~*~tactically~*~*~ (stealth).
  7243 | D:8      | 7243 ||| Stepping ~*~*~tactically~*~*~ (stealth).
  7253 | D:8      | 7253 ||| Stepping ~*~*~tactically~*~*~ (stealth).
  7332 | D:8      | 7332 ||| Stepping ~*~*~tactically~*~*~ (hiding).
  7333 | D:8      | 7333 ||| Stepping ~*~*~tactically~*~*~ (hiding).
  7337 | D:8      | 7337 ||| INVOKING Heroism.
  7345 | D:8      | 7345 ||| Stepping ~*~*~tactically~*~*~ (cloud).
  7346 | D:8      | 7346 ||| Stepping ~*~*~tactically~*~*~ (cloud).
  7376 | D:8      | 7376 ||| FLEEEEING.
  7377 | D:8      | 7377 ||| FLEEEEING.
  7378 | D:8      | 7378 ||| FLEEEEING.
  7379 | D:8      | 7379 ||| FLEEEEING.
  7380 | D:8      | 7380 ||| FLEEEEING.
  7381 | D:8      | 7381 ||| FLEEEEING.
  7382 | D:8      | 7382 ||| FLEEEEING.
  7383 | D:8      | 7383 ||| FLEEEEING.
  7384 | D:8      | 7384 ||| FLEEEEING.
  7385 | D:8      | 7385 ||| FLEEEEING.
  7386 | D:8      | 7386 ||| FLEEEEING.
  7387 | D:8      | 7387 ||| FLEEEEING.
  7388 | D:8      | 7388 ||| FLEEEEING.
  7389 | D:8      | 7389 ||| FLEEEEING.
  7390 | D:8      | 7390 ||| FLEEEEING.
  7391 | D:8      | 7391 ||| FLEEEEING.
  7398 | D:8      | Reached skill level 9 in Fighting
  7408 | D:8      | 7408 ||| DRINKING 5 potions of curing.
  7408 | D:8      | 7408 ||| (to cure confusion)
  7504 | D:8      | Found a glowing golden altar of the Shining One.
  7644 | D:8      | 7644 ||| Stepping ~*~*~tactically~*~*~ (hiding).
  7646 | D:8      | 7646 ||| INVOKING Heroism.
  7759 | D:8      | 7759 ||| Stepping ~*~*~tactically~*~*~ (hiding).
  7760 | D:8      | 7760 ||| Stepping ~*~*~tactically~*~*~ (hiding).
  7761 | D:8      | 7761 ||| Stepping ~*~*~tactically~*~*~ (hiding).
  7879 | D:8      | 7879 ||| UPGRADING to +0 kite shield.
  7889 | D:8      | 7889 ||| DROPPING +0 buckler.
  7890 | D:8      | 7890 ||| UPGRADING to +1 pearl dragon scales.
  7900 | D:8      | 7900 ||| DROPPING +0 plate armour.
  7901 | D:8      | 7901 ||| UPGRADING to ring of willpower.
  7903 | D:8      | 7903 ||| READING 2 scrolls of identify.
  7903 | D:8      | 7903 ||| IDENTIFYING viscous amethyst potion
  7904 | D:8      | 7904 ||| DROPPING potion of berserk rage.
  7965 | D:9      | Found a staircase to the Orcish Mines.
  7981 | D:9      | 7981 ||| INVOKING Heroism.
  8005 | D:9      | Reached skill level 6 in Shields
  8096 | D:9      | Found a staircase to the Lair.
  8114 | D:9      | Reached **** piety under Okawaru
  8133 | D:9      | 8133 ||| Stepping ~*~*~tactically~*~*~ (stealth).
  8134 | D:9      | 8134 ||| Stepping ~*~*~tactically~*~*~ (stealth).
  8137 | D:9      | 8137 ||| Stepping ~*~*~tactically~*~*~ (stealth).
  8158 | D:9      | 8158 ||| INVOKING Heroism.
  8184 | D:9      | 8184 ||| Stepping ~*~*~tactically~*~*~ (stealth).
  8186 | D:9      | 8186 ||| Stepping ~*~*~tactically~*~*~ (stealth).
  8318 | D:9      | Received a gift from Okawaru
  8399 | D:9      | Noticed Gastronok
  8400 | D:9      | 8400 ||| INVOKING Heroism.
  8431 | D:9      | Killed Gastronok
  8432 | D:9      | Reached skill level 6 in Invocations
  8613 | D:9      | 8613 ||| INVOKING Heroism.
  8693 | D:9      | 8693 ||| PLANNING LAIR
  8693 | D:9      | 8693 ||| READING scroll labelled WUGRAT MEWE.
  8717 | D:9      | 8717 ||| DROPPING +0 club.
  8718 | D:9      | 8718 ||| DRINKING 2 fizzy green potions.
  8719 | D:9      | 8719 ||| DROPPING potion of brilliance.
  8782 | Lair:1   | Entered Level 1 of the Lair of Beasts
  8812 | Lair:1   | 8812 ||| INVOKING Heroism.
  8831 | Lair:1   | 8831 ||| INVOKING Heroism.
  8832 | Lair:1   | Received a gift from Okawaru
  8833 | Lair:1   | Reached XP level 12. HP: 76/76 MP: 12/15
  8905 | Lair:1   | 8905 ||| Stepping ~*~*~tactically~*~*~ (stealth).
  8934 | Lair:1   | 8934 ||| INVOKING Heroism.
  8942 | Lair:1   | Reached skill level 9 in Shields
  9165 | Lair:1   | 9165 ||| INVOKING Heroism.
  9259 | Lair:1   | 9259 ||| Stepping ~*~*~tactically~*~*~ (stealth).
  9261 | Lair:1   | 9261 ||| Stepping ~*~*~tactically~*~*~ (stealth).
  9262 | Lair:1   | 9262 ||| INVOKING Heroism.
  9281 | Lair:1   | Reached ***** piety under Okawaru
  9337 | Lair:1   | 9337 ||| FLEEEEING.
  9338 | Lair:1   | 9338 ||| FLEEEEING.
  9339 | Lair:1   | 9339 ||| FLEEEEING.
  9340 | Lair:1   | 9340 ||| FLEEEEING.
  9341 | Lair:1   | 9341 ||| FLEEEEING.
  9342 | Lair:1   | 9342 ||| FLEEEEING.
  9343 | Lair:1   | 9343 ||| FLEEEEING.
  9344 | Lair:1   | 9344 ||| FLEEEEING.
  9345 | Lair:1   | 9345 ||| FLEEEEING.
  9346 | Lair:1   | 9346 ||| FLEEEEING.
  9378 | Lair:1   | Reached skill level 9 in Invocations
  9618 | Lair:1   | 9618 ||| DROPPING ring of wizardry.
  9619 | Lair:1   | 9619 ||| READING scroll labelled JOEGIU JEYKIG.
  9720 | Lair:1   | 9720 ||| DRINKING 2 fuming cyan potions.
  9721 | Lair:1   | 9721 ||| DROPPING potion of degeneration.
  9779 | Lair:2   | 9779 ||| Stepping ~*~*~tactically~*~*~ (hiding).
 10048 | Lair:2   | 10048 ||| INVOKING Heroism.
 10074 | Lair:2   | 10074 ||| Stepping ~*~*~tactically~*~*~ (stealth).
 10092 | Lair:2   | 10092 ||| Stepping ~*~*~tactically~*~*~ (stealth).
 10107 | Lair:2   | Found a staircase to the Swamp.
 10147 | Lair:2   | 10147 ||| INVOKING Heroism.
 10203 | Lair:2   | 10203 ||| READING scroll of enchant armour.
 10203 | Lair:2   | 10203 ||| ENCHANTING +1 pearl dragon scales.
 10226 | Lair:2   | Found a staircase to the Snake Pit.
 10272 | Lair:2   | Found a dark tunnel.
 10305 | Lair:2   | 10305 ||| Stepping ~*~*~tactically~*~*~ (stealth).
 10306 | Lair:2   | 10306 ||| Stepping ~*~*~tactically~*~*~ (stealth).
 10307 | Lair:2   | 10307 ||| Stepping ~*~*~tactically~*~*~ (stealth).
 10491 | Lair:2   | Reached skill level 12 in Axes
 10494 | Lair:2   | Received a gift from Okawaru
 10656 | Lair:2   | 10656 ||| DRINKING 2 ruby potions.
 10657 | Lair:2   | 10657 ||| DRINKING 6 potions of curing.
 10657 | Lair:2   | 10657 ||| (to cure confusion)
 10658 | Lair:2   | 10658 ||| DRINKING 2 emerald potions.
 10659 | Lair:2   | 10659 ||| DROPPING potion of ambrosia.
 10660 | Lair:2   | 10660 ||| DROPPING potion of flight.
 10700 | Lair:3   | 10700 ||| INVOKING Heroism.
 10731 | Lair:3   | Reached XP level 13. HP: 72/80 MP: 18/18
 10733 | Lair:3   | 10733 ||| INVOKING Heroism.
 10761 | Lair:3   | Received a gift from Okawaru
 10811 | Lair:3   | 10811 ||| Stepping ~*~*~tactically~*~*~ (hiding).
 10812 | Lair:3   | 10812 ||| Stepping ~*~*~tactically~*~*~ (hiding).
 10873 | Lair:3   | 10873 ||| Stepping ~*~*~tactically~*~*~ (hiding).
 10877 | Lair:3   | 10877 ||| Stepping ~*~*~tactically~*~*~ (hiding).
 10878 | Lair:3   | 10878 ||| Stepping ~*~*~tactically~*~*~ (hiding).
 10949 | Lair:3   | 10949 ||| Stepping ~*~*~tactically~*~*~ (stealth).
 11015 | Lair:3   | 11015 ||| Stepping ~*~*~tactically~*~*~ (stealth).
 11090 | Lair:3   | 11090 ||| Stepping ~*~*~tactically~*~*~ (stealth).
 11091 | Lair:3   | 11091 ||| Stepping ~*~*~tactically~*~*~ (stealth).
 11092 | Lair:3   | 11092 ||| Stepping ~*~*~tactically~*~*~ (stealth).
 11093 | Lair:3   | 11093 ||| INVOKING Heroism.
 11114 | Lair:3   | Identified the +2 ring mail "Nedirr" {Str+3} (Okawaru
                  | gifted it to you on level 3 of the Lair of Beasts)
 11114 | Lair:3   | Received a gift from Okawaru
 11365 | Lair:3   | 11365 ||| INVOKING Heroism.
 11576 | Lair:3   | 11576 ||| DROPPING ring of magical power.
 11653 | Lair:4   | 11653 ||| READING scroll of enchant armour.
 11653 | Lair:4   | 11653 ||| ENCHANTING +2 pearl dragon scales.
 11810 | Lair:4   | 11810 ||| Stepping ~*~*~tactically~*~*~ (stealth).
 11826 | Lair:4   | 11826 ||| INVOKING Heroism.
 11829 | Lair:4   | Reached skill level 13 in Axes
 11871 | Lair:4   | 11871 ||| INVOKING Finesse.
 11879 | Lair:4   | 11879 ||| SWAPPING to +1 flail of holy wrath.
 11881 | Lair:4   | 11881 ||| SWAPPING to +2 war axe of protection.
 12045 | Lair:4   | Reached skill level 9 in Armour
 12225 | Lair:4   | 12225 ||| INVOKING Heroism.
 12314 | Lair:4   | Found a runed translucent door.
 12314 | Lair:4   | Found a viscous altar of Jiyva.
 12314 | Lair:4   | Noticed an azure jelly
 12316 | Lair:4   | Found a staircase to the Slime Pits.
 12318 | Lair:4   | 12318 ||| Stepping ~*~*~tactically~*~*~ (stealth).
 12321 | Lair:4   | 12321 ||| Stepping ~*~*~tactically~*~*~ (stealth).
 12614 | Lair:4   | 12614 ||| UPGRADING to +4 ring of protection.
 12616 | Lair:4   | 12616 ||| UPGRADING to ring of protection from cold.
 12618 | Lair:4   | 12618 ||| READING scroll labelled QYRUISSO YLO.
 12636 | Lair:5   | Entered Level 5 of the Lair of Beasts
 12651 | Lair:5   | 12651 ||| INVOKING Heroism.
 12663 | Lair:5   | Reached skill level 14 in Axes
 12676 | Lair:5   | Identified the +2 broad axe "Lacir" {heavy, Dex+2} (Okawaru
                  | gifted it to you on level 5 of the Lair of Beasts)
 12676 | Lair:5   | Received a gift from Okawaru
 12682 | Lair:5   | Gained mutation: Your large and strong wings let you fly.
                  | [Gargoyle growth]
 12682 | Lair:5   | Reached XP level 14. HP: 88/88 MP: 19/19
 12709 | Lair:5   | 12709 ||| SWAPPING to +2 broad axe "Lacir" {heavy, Dex+2}.
 12710 | Lair:5   | 12710 ||| INVOKING Heroism.
 12711 | Lair:5   | 12711 ||| INVOKING Finesse.
 12719 | Lair:5   | 12719 ||| SWAPPING to +1 flail of holy wrath.
 12725 | Lair:5   | 12725 ||| SWAPPING to +2 broad axe "Lacir" {heavy, Dex+2}.
 12730 | Lair:5   | 12730 ||| DROPPING +3 war axe of protection.
 12767 | Lair:5   | 12767 ||| INVOKING Heroism.
 12768 | Lair:5   | 12768 ||| INVOKING Finesse.
 12830 | Lair:5   | Reached skill level 3 in Dodging
 12856 | Lair:5   | 12856 ||| Stepping ~*~*~tactically~*~*~ (stealth).
 12886 | Lair:5   | 12886 ||| Stepping ~*~*~tactically~*~*~ (stealth).
 12909 | Lair:5   | Reached skill level 12 in Shields
 13089 | Lair:5   | 13089 ||| INVOKING Heroism.
 13189 | Lair:5   | Noticed a quicksilver ooze
 13190 | Lair:5   | 13190 ||| INVOKING Heroism.
 13198 | Lair:5   | 13198 ||| Stepping ~*~*~tactically~*~*~ (stealth).
 13200 | Lair:5   | 13200 ||| Stepping ~*~*~tactically~*~*~ (stealth).
 13226 | Lair:5   | Killed a quicksilver ooze
 13414 | Lair:5   | 13414 ||| INVOKING Heroism.
 13443 | Lair:5   | 13443 ||| INVOKING Heroism.
 13464 | Lair:5   | 13464 ||| INVOKING Finesse.
 13487 | Lair:5   | 13487 ||| Stepping ~*~*~tactically~*~*~ (stealth).
 13497 | Lair:5   | Received a gift from Okawaru
 13501 | Lair:5   | 13501 ||| Stepping ~*~*~tactically~*~*~ (stealth).
 13513 | Lair:5   | 13513 ||| INVOKING Finesse.
 13514 | Lair:5   | 13514 ||| INVOKING Heroism.
 13520 | Lair:5   | 13520 ||| Stepping ~*~*~tactically~*~*~ (stealth).
 13521 | Lair:5   | 13521 ||| Stepping ~*~*~tactically~*~*~ (stealth).
 13522 | Lair:5   | 13522 ||| Stepping ~*~*~tactically~*~*~ (stealth).
 13616 | Lair:5   | 13616 ||| INVOKING Heroism.
 13621 | Lair:5   | 13621 ||| Stepping ~*~*~tactically~*~*~ (stealth).
 13622 | Lair:5   | 13622 ||| Stepping ~*~*~tactically~*~*~ (stealth).
 13709 | Lair:5   | 13709 ||| INVOKING Heroism.
 13713 | Lair:5   | Received a gift from Okawaru
 13714 | Lair:5   | Reached skill level 15 in Axes
 13732 | Lair:5   | Identified the amulet of the Tempest {Reflect Harm Fly
                  | rElec rF- SH+5}
 14008 | Lair:5   | 14008 ||| PLANNING D:1-11
 14008 | Lair:5   | 14008 ||| READING 4 scrolls of identify.
 14008 | Lair:5   | 14008 ||| IDENTIFYING orange potion
 14126 | D:10     | Entered Level 10 of the Dungeon
 14131 | D:10     | 14131 ||| Stepping ~*~*~tactically~*~*~ (hiding).
 14139 | D:10     | 14139 ||| Stepping ~*~*~tactically~*~*~ (stealth).
 14140 | D:10     | 14140 ||| Stepping ~*~*~tactically~*~*~ (stealth).
 14159 | D:10     | 14159 ||| Stepping ~*~*~tactically~*~*~ (hiding).
 14520 | D:10     | 14520 ||| Stepping ~*~*~tactically~*~*~ (stealth).
 14541 | D:10     | Found an opulent altar of Gozag.
 14548 | D:10     | Found a sparkling altar of Nemelex Xobeh.
 15158 | D:11     | Found a frozen archway.
 15560 | D:11     | 15560 ||| PLANNING D
 15761 | D:12     | Reached skill level 12 in Fighting
 16316 | D:13     | 16316 ||| Stepping ~*~*~tactically~*~*~ (hiding).
 16324 | D:13     | Reached XP level 15. HP: 96/96 MP: 20/20
 16428 | D:13     | Noticed Nessos
 16429 | D:13     | 16429 ||| INVOKING Finesse.
 16443 | D:13     | Killed Nessos
 16902 | D:13     | 16902 ||| INVOKING Heroism.
 16903 | D:13     | 16903 ||| INVOKING Finesse.
 16905 | D:13     | 16905 ||| SWAPPING to +1 flail of holy wrath.
 16913 | D:13     | 16913 ||| SWAPPING to +2 broad axe "Lacir" {heavy, Dex+2}.
 17042 | D:13     | 17042 ||| UPGRADING to +0 tower shield.
 17052 | D:13     | 17052 ||| DROPPING +0 kite shield.
 17053 | D:13     | 17053 ||| READING scroll labelled LIM HIOVVOEL.
 17095 | D:14     | 17095 ||| INVOKING Heroism.
 17096 | D:14     | 17096 ||| READING 8 scrolls of teleportation.
 17191 | D:14     | 17191 ||| Stepping ~*~*~tactically~*~*~ (hiding).
 17193 | D:14     | 17193 ||| INVOKING Heroism.
 17318 | D:14     | 17318 ||| INVOKING Finesse.
 17396 | D:14     | Found a transporter.
 17401 | D:14     | Noticed qw's ghost (journeyman GrFi)
 17409 | D:14     | 17409 ||| Stepping ~*~*~tactically~*~*~ (hiding).
 17411 | D:14     | 17411 ||| Stepping ~*~*~tactically~*~*~ (hiding).
 17412 | D:14     | 17412 ||| Stepping ~*~*~tactically~*~*~ (hiding).
 17517 | D:14     | 17517 ||| INVOKING Heroism.
 17521 | D:14     | 17521 ||| READING 8 scrolls of teleportation.
 17598 | D:14     | 17598 ||| INVOKING Heroism.
 17725 | D:14     | Found a gate to the Vaults.
 17791 | D:14     | Found a transporter.
 17821 | D:14     | 17821 ||| Stepping ~*~*~tactically~*~*~ (stealth).
 17824 | D:14     | 17824 ||| Stepping ~*~*~tactically~*~*~ (stealth).
 17834 | D:14     | 17834 ||| INVOKING Heroism.
 17837 | D:14     | 17837 ||| READING 7 scrolls of teleportation.
 17898 | D:14     | 17898 ||| Stepping ~*~*~tactically~*~*~ (stealth).
 17902 | D:14     | 17902 ||| Stepping ~*~*~tactically~*~*~ (stealth).
 17906 | D:14     | 17906 ||| INVOKING Heroism.
 17907 | D:14     | 17907 ||| READING 6 scrolls of teleportation.
 18015 | D:15     | Entered Level 15 of the Dungeon
 18125 | D:15     | 18125 ||| INVOKING Heroism.
 18129 | D:15     | 18129 ||| Stepping ~*~*~tactically~*~*~ (hiding).
 18134 | D:15     | HP: 20/96 [meliai/divine providence (13)]
 18135 | D:15     | 18135 ||| READING 5 scrolls of teleportation.
 18136 | D:15     | 18136 ||| DRINKING 2 potions of heal wounds.
 18172 | D:15     | 18172 ||| INVOKING Heroism.
 18219 | D:15     | 18219 ||| INVOKING Heroism.
 18223 | D:15     | Reached skill level 15 in Shields
 18228 | D:15     | 18228 ||| Stepping ~*~*~tactically~*~*~ (stealth).
 18229 | D:15     | 18229 ||| Stepping ~*~*~tactically~*~*~ (stealth).
 18262 | D:15     | 18262 ||| INVOKING Heroism.
 18318 | D:15     | 18318 ||| INVOKING Heroism.
 18321 | Abyss:2  | Cast into level 2 of the Abyss (a wizard)
 18362 | Abyss:2  | 18362 ||| Stepping ~*~*~tactically~*~*~ (hiding).
 18365 | Abyss:2  | 18365 ||| Stepping ~*~*~tactically~*~*~ (hiding).
 18370 | Abyss:2  | 18370 ||| Stepping ~*~*~tactically~*~*~ (cloud).
 18374 | Abyss:2  | 18374 ||| Stepping ~*~*~tactically~*~*~ (stealth).
 18420 | Abyss:2  | 18420 ||| Stepping ~*~*~tactically~*~*~ (stealth).
 18421 | Abyss:2  | 18421 ||| Stepping ~*~*~tactically~*~*~ (stealth).
 18423 | Abyss:2  | 18423 ||| INVOKING Heroism.
 18436 | Abyss:2  | 18436 ||| Stepping ~*~*~tactically~*~*~ (hiding).
 18438 | Abyss:2  | 18438 ||| Stepping ~*~*~tactically~*~*~ (hiding).
 18439 | Abyss:2  | 18439 ||| Stepping ~*~*~tactically~*~*~ (hiding).
 18441 | Abyss:2  | 18441 ||| Stepping ~*~*~tactically~*~*~ (hiding).
 18444 | Abyss:2  | 18444 ||| Stepping ~*~*~tactically~*~*~ (hiding).
 18460 | Abyss:2  | 18460 ||| Stepping ~*~*~tactically~*~*~ (stealth).
 18463 | Abyss:2  | 18463 ||| Stepping ~*~*~tactically~*~*~ (stealth).
 18468 | Abyss:2  | 18468 ||| Stepping ~*~*~tactically~*~*~ (hiding).
 18469 | Abyss:2  | 18469 ||| Stepping ~*~*~tactically~*~*~ (hiding).
 18476 | Abyss:2  | Received a gift from Okawaru
 18492 | Abyss:2  | Noticed a Hell Sentinel
 18493 | Abyss:2  | 18493 ||| Stepping ~*~*~tactically~*~*~ (stealth).
 18498 | Abyss:2  | 18498 ||| DRINKING 13 potions of curing.
 18498 | Abyss:2  | 18498 ||| (to cure confusion)
 18501 | Abyss:2  | 18501 ||| Stepping ~*~*~tactically~*~*~ (stealth).
 18503 | Abyss:2  | 18503 ||| Stepping ~*~*~tactically~*~*~ (stealth).
 18504 | Abyss:2  | 18504 ||| Stepping ~*~*~tactically~*~*~ (stealth).
 18505 | Abyss:2  | 18505 ||| Stepping ~*~*~tactically~*~*~ (stealth).
 18505 | Abyss:2  | Noticed a tentacled starspawn
 18513 | Abyss:2  | Killed a tentacled starspawn
 18536 | Abyss:2  | 18536 ||| INVOKING Heroism.
 18537 | Abyss:2  | Noticed a tentacled starspawn
 18546 | Abyss:2  | Killed a tentacled starspawn
 18580 | Abyss:2  | 18580 ||| Stepping ~*~*~tactically~*~*~ (stealth).
 18583 | Abyss:2  | 18583 ||| Stepping ~*~*~tactically~*~*~ (stealth).
 18594 | Abyss:2  | 18594 ||| Stepping ~*~*~tactically~*~*~ (stealth).
 18600 | Abyss:2  | 18600 ||| Stepping ~*~*~tactically~*~*~ (stealth).
 18608 | Abyss:2  | 18608 ||| DRINKING 12 potions of curing.
 18608 | Abyss:2  | 18608 ||| (to cure confusion)
 18619 | Abyss:2  | Paralysed by a great orb of eyes for 5 turns
 18624 | Abyss:2  | 18624 ||| DRINKING 11 potions of curing.
 18624 | Abyss:2  | 18624 ||| (to cure confusion)
 18653 | Abyss:2  | 18653 ||| INVOKING Heroism.
 18654 | Abyss:2  | 18654 ||| INVOKING Finesse.
 18655 | Abyss:2  | 18655 ||| Stepping ~*~*~tactically~*~*~ (stealth).
 18656 | Abyss:2  | Noticed a balrug
 18666 | Abyss:2  | Paralysed by you for 3 turns
 18672 | Abyss:2  | Reached XP level 16. HP: 48/101 MP: 12/21
 18690 | Abyss:2  | 18690 ||| Stepping ~*~*~tactically~*~*~ (stealth).
 18691 | Abyss:2  | 18691 ||| Stepping ~*~*~tactically~*~*~ (stealth).
 18693 | Abyss:2  | 18693 ||| Stepping ~*~*~tactically~*~*~ (stealth).
 18696 | Abyss:2  | 18696 ||| Stepping ~*~*~tactically~*~*~ (stealth).
 18705 | Abyss:2  | Noticed a daeva
 18707 | Abyss:2  | 18707 ||| INVOKING Heroism.
 18713 | Abyss:2  | HP: 25/101 [daeva/divine providence (16)]
 18714 | Abyss:2  | 18714 ||| READING 4 scrolls of teleportation.
 18715 | Abyss:2  | HP: 10/101 [daeva/divine providence (12)]
 18716 | Abyss:2  | 18716 ||| DRINKING 2 potions of heal wounds.
 18717 | Abyss:2  | Received a gift from Okawaru
 18718 | Abyss:2  | 18718 ||| DRINKING potion of heal wounds.
 18722 | Abyss:2  | HP: 22/101 [daeva/divine providence (10)]
 18761 | Abyss:2  | 18761 ||| INVOKING Heroism.
 18779 | Abyss:2  | 18779 ||| Stepping ~*~*~tactically~*~*~ (stealth).
 18801 | Abyss:2  | 18801 ||| Stepping ~*~*~tactically~*~*~ (stealth).
 18848 | Abyss:2  | 18848 ||| DROPPING ring of willpower.
 18849 | Abyss:2  | 18849 ||| Stepping ~*~*~tactically~*~*~ (stealth).
 18850 | Abyss:2  | 18850 ||| DROPPING ring of positive energy.
 18851 | Abyss:2  | 18851 ||| Stepping ~*~*~tactically~*~*~ (stealth).
 18854 | Abyss:2  | 18854 ||| Stepping ~*~*~tactically~*~*~ (stealth).
 18855 | Abyss:2  | 18855 ||| Stepping ~*~*~tactically~*~*~ (stealth).
 18858 | D:15     | Escaped the Abyss
 18859 | D:15     | 18859 ||| INVOKING Heroism.
 18866 | D:15     | Reached skill level 16 in Axes
 18957 | D:15     | 18957 ||| INVOKING Heroism.
 19096 | D:15     | 19096 ||| INVOKING Heroism.
 19141 | D:15     | Found an opulent altar of Gozag.
 19326 | D:15     | Found a staircase to the Depths.
 19439 | D:15     | 19439 ||| PLANNING ORC
 19584 | Orc:1    | Entered Level 1 of the Orcish Mines
 19585 | Orc:1    | 19585 ||| STAIRDANCE
 19689 | Orc:1    | 19689 ||| INVOKING Heroism.
 19690 | Orc:1    | Paralysed by an orc sorcerer for 3 turns
 19837 | Orc:2    | Entered Level 2 of the Orcish Mines
 19891 | Orc:1    | 19891 ||| Stepping ~*~*~tactically~*~*~ (stealth).
 19892 | Orc:1    | 19892 ||| Stepping ~*~*~tactically~*~*~ (stealth).
 19893 | Orc:1    | 19893 ||| Stepping ~*~*~tactically~*~*~ (hiding).
 20280 | Orc:2    | Found a staircase to the Elven Halls.
 20295 | Orc:2    | Found Toerump's Book Shop.
 20310 | Orc:2    | 20310 ||| INVOKING Heroism.
 20471 | Orc:2    | 20471 ||| INVOKING Heroism.
 20490 | Orc:2    | Received a gift from Okawaru
 20505 | Orc:2    | 20505 ||| INVOKING Heroism.
 20565 | Orc:2    | Found Buakk's Antique Armour Emporium.
 20566 | Orc:2    | 20566 ||| Stepping ~*~*~tactically~*~*~ (hiding).
 20582 | Orc:2    | 20582 ||| DROPPING +1 flail of holy wrath.
 20590 | Orc:2    | 20590 ||| DROPPING +5 flail.
 20593 | Orc:2    | 20593 ||| BUYING runed plate armour (624 gold).
 20593 | Orc:2    | Bought a runed plate armour for 624 gold pieces
 20598 | Orc:2    | Found Nebb's Magic Scroll Boutique.
 20599 | Orc:2    | 20599 ||| INVOKING Heroism.
 20631 | Orc:2    | 20631 ||| BUYING scroll of enchant armour (105 gold).
 20631 | Orc:2    | Bought a scroll of enchant armour for 105 gold pieces
 20631 | Orc:2    | 20631 ||| BUYING scroll of enchant weapon (105 gold).
 20631 | Orc:2    | Bought a scroll of enchant weapon for 105 gold pieces
 20631 | Orc:2    | 20631 ||| BUYING scroll of identify (28 gold).
 20631 | Orc:2    | Bought a scroll of identify for 28 gold pieces
 20631 | Orc:2    | 20631 ||| BUYING scroll of teleportation (42 gold).
 20631 | Orc:2    | Bought a scroll of teleportation for 42 gold pieces
 20631 | Orc:2    | 20631 ||| READING scroll of enchant armour.
 20631 | Orc:2    | 20631 ||| ENCHANTING +3 pearl dragon scales.
 20650 | Orc:2    | 20650 ||| Stepping ~*~*~tactically~*~*~ (hiding).
 20668 | Orc:2    | 20668 ||| INVOKING Heroism.
 20708 | Orc:2    | Found Itrouq's Weapon Boutique.
 20709 | Orc:2    | 20709 ||| INVOKING Heroism.
 20744 | Orc:2    | Found Luhobu's Jewellery Emporium.
 20745 | Orc:2    | 20745 ||| INVOKING Heroism.
 20768 | Orc:2    | 20768 ||| BUYING +4 ring of protection (432 gold).
 20768 | Orc:2    | Bought a +4 ring of protection for 432 gold pieces
 20768 | Orc:2    | 20768 ||| BUYING amulet of reflection (360 gold).
 20768 | Orc:2    | Bought an amulet of reflection for 360 gold pieces
 20768 | Orc:2    | 20768 ||| SHOPLISTING ring of resist corrosion (240 gold,
                  | have 118).
 20904 | Orc:2    | 20904 ||| PLANNING SNAKE:1-3
 20904 | Orc:2    | 20904 ||| DROPPING +0 chain mail "Fuicul" {rC++ Str-3
                  | Dex+4}.
 20905 | Orc:2    | 20905 ||| DROPPING amulet of the Tempest {Reflect Harm Fly
                  | rElec rF- SH+5}.
 20906 | Orc:2    | 20906 ||| UPGRADING to amulet of reflection.
 20916 | Orc:2    | 20916 ||| DROPPING amulet of the acrobat.
 20917 | Orc:2    | 20917 ||| DROPPING +6 ring of dexterity.
 20918 | Orc:2    | 20918 ||| UPGRADING to +4 ring of protection.
 21033 | Snake:1  | Entered Level 1 of the Snake Pit
 21034 | Snake:1  | 21034 ||| INVOKING Heroism.
 21136 | Snake:1  | 21136 ||| INVOKING Heroism.
 21198 | Snake:1  | 21198 ||| INVOKING Heroism.
 21311 | Snake:1  | 21311 ||| Stepping ~*~*~tactically~*~*~ (hiding).
 21379 | Snake:1  | 21379 ||| Stepping ~*~*~tactically~*~*~ (hiding).
 21380 | Snake:1  | 21380 ||| Stepping ~*~*~tactically~*~*~ (hiding).
 21407 | Snake:1  | Found a transporter.
 21408 | Snake:1  | 21408 ||| Stepping ~*~*~tactically~*~*~ (hiding).
 21410 | Snake:1  | 21410 ||| Stepping ~*~*~tactically~*~*~ (hiding).
 21530 | Snake:1  | Noticed Mlioglotl
 21540 | Snake:1  | 21540 ||| Stepping ~*~*~tactically~*~*~ (hiding).
 21545 | Snake:1  | 21545 ||| Stepping ~*~*~tactically~*~*~ (hiding).
 21546 | Snake:1  | 21546 ||| INVOKING Heroism.
 21555 | Snake:1  | 21555 ||| Stepping ~*~*~tactically~*~*~ (stealth).
 21561 | Snake:1  | Found a transporter.
 21754 | Snake:1  | 21754 ||| Stepping ~*~*~tactically~*~*~ (hiding).
 21814 | Snake:1  | Found a glowing golden altar of the Shining One.
 21921 | Snake:1  | 21921 ||| READING scroll of enchant armour.
 21921 | Snake:1  | 21921 ||| ENCHANTING +4 pearl dragon scales.
 22037 | Snake:1  | 22037 ||| INVOKING Heroism.
 22059 | Snake:1  | 22059 ||| Stepping ~*~*~tactically~*~*~ (hiding).
 22183 | Snake:1  | 22183 ||| UPGRADING to +5 ring of evasion.
 22185 | Snake:1  | 22185 ||| DROPPING +4 ring of protection.
 22320 | Snake:2  | Reached skill level 17 in Axes
 22503 | Snake:2  | Noticed Louise
 22504 | Snake:2  | 22504 ||| Stepping ~*~*~tactically~*~*~ (hiding).
 22508 | Snake:2  | 22508 ||| INVOKING Heroism.
 22524 | Snake:2  | Killed Louise
 22551 | Snake:2  | 22551 ||| INVOKING Heroism.
 22564 | Snake:2  | 22564 ||| DROPPING +0 morningstar.
 22574 | Snake:2  | 22574 ||| Stepping ~*~*~tactically~*~*~ (hiding).
 22575 | Snake:2  | 22575 ||| Stepping ~*~*~tactically~*~*~ (hiding).
 22583 | Snake:2  | 22583 ||| INVOKING Heroism.
 22645 | Snake:2  | 22645 ||| READING scroll of enchant armour.
 22645 | Snake:2  | 22645 ||| ENCHANTING +5 pearl dragon scales.
 22693 | Snake:2  | 22693 ||| Stepping ~*~*~tactically~*~*~ (hiding).
 22700 | Snake:2  | Reached XP level 17. HP: 108/108 MP: 22/22
 22702 | Snake:2  | 22702 ||| INVOKING Heroism.
 22735 | Snake:2  | Noticed Donald
 22736 | Snake:2  | 22736 ||| INVOKING Heroism.
 22765 | Snake:2  | Killed Donald
 22801 | Snake:2  | 22801 ||| DROPPING +6 morningstar.
 22875 | Snake:2  | Found Butun's Magic Scroll Shoppe.
 22882 | Snake:2  | 22882 ||| BUYING scroll of enchant weapon (127 gold).
 22882 | Snake:2  | Bought a scroll of enchant weapon for 127 gold pieces
 22882 | Snake:2  | 22882 ||| BUYING scroll of identify (34 gold).
 22882 | Snake:2  | Bought a scroll of identify for 34 gold pieces
 22882 | Snake:2  | 22882 ||| BUYING scroll of identify (34 gold).
 22882 | Snake:2  | Bought a scroll of identify for 34 gold pieces
 22882 | Snake:2  | 22882 ||| BUYING scroll of teleportation (51 gold).
 22882 | Snake:2  | Bought a scroll of teleportation for 51 gold pieces
 22890 | Snake:2  | 22890 ||| Stepping ~*~*~tactically~*~*~ (hiding).
 23373 | Snake:2  | 23373 ||| Stepping ~*~*~tactically~*~*~ (hiding).
 23379 | Snake:2  | 23379 ||| INVOKING Heroism.
 23403 | Snake:2  | 23403 ||| Stepping ~*~*~tactically~*~*~ (hiding).
 23963 | Snake:3  | 23963 ||| Stepping ~*~*~tactically~*~*~ (hiding).
 23965 | Snake:3  | 23965 ||| Stepping ~*~*~tactically~*~*~ (hiding).
 23977 | Snake:3  | 23977 ||| Stepping ~*~*~tactically~*~*~ (hiding).
 24008 | Snake:3  | 24008 ||| Stepping ~*~*~tactically~*~*~ (stealth).
 24011 | Snake:3  | 24011 ||| Stepping ~*~*~tactically~*~*~ (stealth).
 24014 | Snake:3  | 24014 ||| Stepping ~*~*~tactically~*~*~ (hiding).
 24021 | Snake:3  | 24021 ||| INVOKING Heroism.
 24189 | Snake:3  | 24189 ||| Stepping ~*~*~tactically~*~*~ (hiding).
 24195 | Snake:3  | 24195 ||| Stepping ~*~*~tactically~*~*~ (stealth).
 24210 | Snake:3  | Received a gift from Okawaru
 24217 | Snake:3  | Reached skill level 18 in Axes
 24275 | Snake:3  | 24275 ||| Stepping ~*~*~tactically~*~*~ (stealth).
 24279 | Snake:3  | 24279 ||| Stepping ~*~*~tactically~*~*~ (stealth).
 24284 | Snake:3  | 24284 ||| Stepping ~*~*~tactically~*~*~ (hiding).
 24285 | Snake:3  | 24285 ||| Stepping ~*~*~tactically~*~*~ (hiding).
 24323 | Snake:3  | 24323 ||| Stepping ~*~*~tactically~*~*~ (hiding).
 24330 | Snake:3  | 24330 ||| INVOKING Heroism.
 24344 | Snake:3  | HP: 18/108 [salamander/+0 halberd (12)]
 24344 | Snake:3  | HP: 4/108 [salamander/+0 halberd (14)]
 24344 | Snake:3  | Killed from afar by a shock serpent

Levels and vault maps discovered:
D:1:      dpeg_arrival_shelter, layout_loops_ring
D:2:      layout_basic, serial_shops, nicolae_shop_peninsula,
          nicolae_shop_peninsula, nicolae_shop_tiny_waterfront,
          nicolae_shop_advertising_works [nicolae_subvault_shop_adworks],
          amcnicky_mini_corridor_feature
D:3:      minmay_skewed_foursquare, layout_basic,
          grunt_temple_overflow_forces_of_nature,
          nicolae_ru_sacrificial_ziggurat, serial_shops,
          nicolae_shop_back_alley_shop, uniq_natasha
D:4:      layout_loops_ring, grunt_temple_overflow_diamond,
          mainiacjoe_overflow_brackets, minmay_temple_entry_nine_rooms,
          portal_sewer_entry_a, guppyfry_early_orc_mine
D:5:      layout_loops_cross, minmay_joined_circles, uniq_edmund
D:6:      layout_loops_ring, evilmike_ruin_ashenzari, serial_aquarium,
          aquarium_bridge_square [aquarium_subvault_bridge,
          aquarium_subvault_window, aquarium_subvault_bridge,
          aquarium_subvault_wall], aquarium_bridge_square
          [aquarium_subvault_bridge, aquarium_subvault_bridge,
          aquarium_subvault_bridge, aquarium_subvault_balcony],
          aquarium_window_2, aquarium_window_fake, aquarium_window_1,
          aquarium_window_3, aquarium_view_2b, aquarium_balcony_1a,
          serial_bayou_pond_b, nicolae_shop_vocational
D:7:      layout_basic, kennysheep_ying_yang, kennysheep_generic_room_6,
          uniq_duvessa
D:8:      minmay_the_grid_octo_triangle [minmay_the_grid_octo_77,
          minmay_the_grid_octo_prize_ultimate_mussel_roller,
          minmay_the_grid_octo_focus], layout_basic,
          nicolae_tso_carved_into_rock, grunt_ministairs_11,
          minmay_misc_feat_alley
D:9:      layout_grid_maze, minmay_lair_entry_grove, uniq_gastronok
D:10:     layout_loops_cross, mainiacjoe_overflow_cross_hatched,
          mainiacjoe_overflow_small_starburst
D:11:     layout_cave_pods, portal_ice_cave_entry_pillars_1
D:12:     layout_irregular_city
D:13:     layout_irregular_city, uniq_nessos
D:14:     layout_roguey, ximxim_vaults_locker_room, gammafunk_ghost_mausoleum,
          wad_floor_pattern_1, grunt_ministairs_15
D:15:     grunt_enter_depths_magical_seal, layout_irregular_city,
          grunt_gozag_statues, minmay_misc_feat_pillars
Temple:   hellmonk_temple_rainy
Lair:1:   layout_roguey
Lair:2:   layout_gridlike, swamp_mist, minmay_snake_entry_guardpost_small,
          enter_volcano_4, dreamdust_mushroom_princess
Lair:3:   layout_roguey, infiniplex_staircase_pool_2
Lair:4:   layout_regular_city, slime_entry_2, grunt_megastairs_5
Lair:5:   evilmike_catoblepas_cave, layout_hall_layers,
          nicolae_lair_time_for_slime
Snake:1:  gammafunk_the_bubble [the_bubble_gammafunk_plus_minus],
          layout_concentric_octagons, basic_altar, grunt_megastairs_4,
          uniq_mlioglotl
Snake:2:  layout_onion_interference, serial_shops, shop, uniq_donald,
          uniq_louise
Snake:3:  nrook_guardian_serpent_snake_passage, layout_gridlike
Orc:1:    layout_caves, lemuel_statue_altar
Orc:2:    st_orc_town, layout_diamond_mine, serial_shops,
          nicolae_shop_competitors_out_of_business, mines2_david

Skill      XL: |  1  2  3  4  5  6  7  8  9 10 11 12 13 14 15 16 17 |
---------------+----------------------------------------------------+-----
Axes           | 2 3 4 5 6 7 8 9 10 11 12 14 15 17 18 | 18.0
Fighting       | 4 5 6 7 8 9 10 12 13 | 13.0
Dodging        | 1 2 3 4 |  4.0
Throwing       | 2 3 4 5 |  5.0
Armour         | 4 6 7 8 9 10 11 | 11.8
Invocations    | 3 4 7 10 | 10.1
Shields        | 4 5 8 10 11 12 16 17 | 17.4

Action                     |  1- 3 |  4- 6 |  7- 9 | 10-12 | 13-15 | 16-18 || total
---------------------------+-------+-------+-------+-------+-------+-------++-------
  Melee: War axe           |   120 |   190 |   331 |   663 |   369 |       ||  1673
         Flail             |       |       |       |       |    13 |       ||    13
         Broad axe         |       |       |       |       |   564 |   699 ||  1263
  Throw: Boomerang         |       |    17 |    45 |    38 |   121 |    40 ||   261
         Javelin           |       |       |     3 |    52 |    88 |    14 ||   157
 Invoke: Heroism           |       |       |     8 |    22 |    30 |    26 ||    86
         Finesse           |       |       |       |       |     9 |       ||     9
    Use: Scroll            |     2 |     4 |     8 |     7 |     9 |     4 ||    34
         Potion            |       |     1 |     4 |     6 |     4 |     2 ||    17
   Stab: Paralysed         |       |       |       |       |     4 |     1 ||     5
 Armour: Scale mail        |    65 |    13 |       |       |       |       ||    78
         Chain mail        |       |   101 |    69 |       |       |       ||   170
         Plate armour      |       |       |   152 |   153 |       |       ||   305
         Pearl dragon scal |       |       |       |   268 |   660 |   312 ||  1240
  Dodge: Dodged            |    44 |    58 |    99 |   239 |   352 |   242 ||  1034
  Block: Buckler           |    25 |    29 |    54 |    45 |       |       ||   153
         Kite shield       |       |       |       |   247 |   412 |       ||   659
         Tower shield      |       |       |       |       |   280 |   958 ||  1238
         Reflection        |       |       |       |       |       |    69 ||    69

Table legend:
 A = Non-vault XP
 B = Vault XP
 C = Vault XP percentage of total XP
 D = Non-vault monster count
 E = Vault monster count
 F = Vault count percentage of total count
                 A         B        C        D         E       F
            +---------+---------+-------+---------+---------+-------
      Total |  168670 |   50279 |  23.0 |     670 |     230 |  25.6
            +---------+---------+-------+---------+---------+-------
        D:1 |      53 |       0 |   0.0 |      30 |       0 |   0.0
        D:2 |      57 |       0 |   0.0 |      18 |       0 |   0.0
        D:3 |     117 |      68 |  36.8 |      21 |       6 |  22.2
        D:4 |     144 |     240 |  62.5 |      12 |      10 |  45.5
        D:5 |     442 |     755 |  63.1 |       9 |      12 |  57.1
        D:6 |     720 |     129 |  15.2 |      14 |       2 |  12.5
        D:7 |    1050 |     234 |  18.2 |      21 |       4 |  16.0
        D:8 |    1493 |    5474 |  78.6 |      32 |      23 |  41.8
        D:9 |    2383 |    3520 |  59.6 |      30 |      13 |  30.2
       D:10 |    1894 |       0 |   0.0 |      35 |       0 |   0.0
       D:11 |    2101 |       0 |   0.0 |       6 |       0 |   0.0
       D:12 |    3112 |       0 |   0.0 |       9 |       0 |   0.0
       D:13 |    3143 |    1047 |  25.0 |       7 |       1 |  12.5
       D:14 |   12865 |    3849 |  23.0 |      30 |      14 |  31.8
       D:15 |   11167 |    4368 |  28.1 |      24 |       9 |  27.3
     Lair:1 |    7444 |       0 |   0.0 |      34 |       0 |   0.0
     Lair:2 |    4714 |     636 |  11.9 |      21 |       4 |  16.0
     Lair:3 |    6913 |       0 |   0.0 |      25 |       0 |   0.0
     Lair:4 |   11451 |    3258 |  22.1 |      40 |       7 |  14.9
     Lair:5 |   13579 |   13460 |  49.8 |      44 |      31 |  41.3
    Snake:1 |   18763 |    2234 |  10.6 |      39 |       4 |   9.3
    Snake:2 |   17148 |    2531 |  12.9 |      32 |       2 |   5.9
    Snake:3 |   25243 |     470 |   1.8 |      52 |       1 |   1.9
      Orc:1 |    2058 |       0 |   0.0 |      22 |       0 |   0.0
      Orc:2 |    1620 |    7329 |  81.9 |      18 |      59 |  76.6
    Abyss:2 |   18996 |       0 |   0.0 |      45 |       0 |   0.0
      Sewer |       0 |     677 | 100.0 |       0 |      28 | 100.0
            +---------+---------+-------+---------+---------+-------
